 Dungeon Crawl Stone Soup version 0.25.1-2-g60ff931df9 (webtiles) character file.

Game seed: 5404629013288391420

1274 Kaiern the Skirmisher (level 8, -4/71 HPs)
             Began as a Minotaur Hunter on Aug 23, 2020.
             Was a Follower of Okawaru.
             Shot with an arrow by a centaur (8 damage)
             ... on level 6 of the Dungeon.
             The game lasted 00:24:58 (5375 turns).

Kaiern the Skirmisher (Minotaur Hunter)             Turns: 5375, Time: 00:24:58

Health: -4/71      AC:  9    Str: 19    XL:     8   Next: 28%
Magic:  9/9        EV:  8    Int:  8    God:    Okawaru [*.....]
Gold:   364        SH:  9    Dex: 17    Spells: 7/7 levels left

rFire    . . .     SeeInvis .   w - +0 short sword (speed)
rCold    . . .     Gourm    .   r - +1 kite shield
rNeg     . . .     Faith    .   u - +0 chain mail
rPois    +         Spirit   .   (helmet restricted)
rElec    .         Reflect  .   B - scarf {repulsion}
rCorr    .         Harm     .   (no gloves)
MR       .....                  (no boots)
Stlth    ..........             b - amulet of regeneration
HPRegen  0.61/turn              y - ring of poison resistance
MPRegen  0.11/turn              j - +6 ring of dexterity

@: repel missiles
A: retaliatory headbutt, horns 2
a: Heroism, Renounce Religion


You were on level 6 of the Dungeon.
You worshipped Okawaru.
Okawaru was aware of your devotion.
You were not hungry.

You visited 1 branch of the dungeon, and saw 6 of its levels.

You collected 364 gold pieces.

Inventory:

Hand Weapons
 a - a +2 hand crossbow
 w - a +0 short sword of speed (weapon)
Missiles
 d - 28 bolts
 e - 2 throwing nets
 g - 49 arrows
 G - 7 boomerangs of dispersal (quivered)
Armour
 r - a +1 kite shield (worn)
 u - a +0 chain mail (worn)
 B - a scarf of repulsion (worn)
Jewellery
 b - an amulet of regeneration (around neck)
 j - a +6 ring of dexterity (right hand)
 y - a ring of poison resistance (left hand)
Wands
 h - a wand of polymorph (9)
 p - a wand of clouds (3)
 A - a wand of random effects (20)
 E - a wand of flame (12)
Scrolls
 i - a scroll of teleportation
 k - a scroll of blinking
 l - 2 scrolls of remove curse
 m - a scroll of noise
 o - 2 scrolls of immolation
Potions
 c - 2 potions of brilliance
 q - 2 potions of magic
 t - a potion of resistance {unknown}
 v - 3 potions of haste
 x - a potion of curing {unknown}
Comestibles
 f - 8 rations
 n - 2 chunks of flesh


   Skills:
 + Level 6.7 Fighting
 + Level 5.6 Crossbows
 - Level 5.0 Armour
 + Level 6.1 Dodging
 + Level 1.3 Stealth
 * Level 3.3 Invocations


You had 7 spell levels left.
You didn't know any spells.
Your spell library contained the following spells:

 Spells                   Type           Power        Failure   Level  Hunger
 Infusion                 Chrm           #...         100%        1    ##.....


Dungeon Overview and Level Annotations

Branches:
Dungeon (6/15)
 Temple: D:4-7

Altars:
Dithmenos
Fedhas
Kikubaaqudgha
Nemelex Xobeh
Okawaru
Sif Muna
Uskayaw
Vehumet

Annotations:
D:3 Sigmund
D:6 1 transporter, mmigdal's ghost, novice DsBe


Innate Abilities, Weirdness & Mutations

You reflexively headbutt those who attack you in melee.
You have a pair of horns on your head.


Message History

You completely miss the sky beast. You headbutt the sky beast.
The sky beast is lightly wounded.
The centaur shoots an arrow.
You block the arrow.
The sky beast hits you but does no damage.
You puncture the sky beast!
The sky beast is moderately wounded.
The sky beast hits you.
* * * LOW HITPOINT WARNING * * *
The sky beast shocks you.
* * * LOW HITPOINT WARNING * * *
Unknown command.
Unknown command.
You barely miss the sky beast. Your headbutt misses the sky beast.
The sky beast is moderately wounded.
The centaur shoots an arrow.
You block the arrow. You block the sky beast's attack.
You hit the sky beast but do no damage.
The sky beast is moderately wounded.
The centaur shoots an arrow.
The arrow hits you!
You die...

...### .)..
..## .... .....
..... ###
...... #.#
#...[..
#.#####.......
#...##@.......
#..c..Y..(....
#(#...........
#.##..........
#.##..........
##c###≈........
#..............
#.#(...........
#.###....##...


You could see a sky beast and a centaur.

Vanquished Creatures
  A hippogriff (D:6)
  A water moccasin (D:6)
  3 ogres
  A necrophage (D:5)
  2 crimson imps (D:5)
  A quasit (D:6)
  2 jellies (D:6)
  A centaur skeleton (D:2)
  A hound (D:5)
  An orc priest (D:3)
  A bullfrog skeleton (D:4)
  Ijyb (D:4)
  An iguana (D:5)
  An orc wizard (D:5)
  3 worker ants
  A howler monkey zombie (D:5)
  6 adders
  5 gnolls
  A shadow imp (D:6)
  2 oozes
  An adder skeleton (D:4)
  4 worms
  A dart slug (D:3)
  2 leopard geckos
  9 orcs
  A ball python (D:4)
  5 giant cockroaches
  7 goblins
  7 hobgoblins
  11 jackals
  6 kobolds
  2 quokkas
  9 bats
  4 frilled lizards
  A giant cockroach zombie (D:5)
  2 leopard gecko zombies
  9 rats
117 creatures vanquished.

Notes
Turn   | Place    | Note
-------+----------+-------------------------------------------
     0 | D:1      | Kaiern the Minotaur Hunter began the quest for the Orb.
     0 | D:1      | Reached XP level 1. HP: 18/18 MP: 0/0
   157 | D:1      | Reached XP level 2. HP: 24/25 MP: 1/1
   175 | D:1      | Reached skill level 5 in Crossbows
   885 | D:2      | Reached skill level 1 in Armour
  1025 | D:2      | Reached XP level 3. HP: 30/30 MP: 2/2
  1303 | D:2      | Found a blossoming altar of Fedhas.
  1555 | D:2      | Found a shadowy altar of Dithmenos.
  1606 | D:2      | Found an ancient bone altar of Kikubaaqudgha.
  1606 | D:2      | Found a shimmering blue altar of Sif Muna.
  1610 | D:2      | Found a radiant altar of Vehumet.
  1615 | D:2      | Identified Sif Muna's Incunabulum of Boosts
  1707 | D:2      | Reached XP level 4. HP: 24/38 MP: 3/3
  2130 | D:3      | Noticed Sigmund
  2229 | D:3      | Found a hide-covered altar of Uskayaw.
  2524 | D:3      | Found a sparkling altar of Nemelex Xobeh.
  2524 | D:3      | You fall into a shaft and drop 2 floors!
  2524 | D:5      | Entered Level 5 of the Dungeon
  2563 | D:5      | Reached XP level 5. HP: 33/46 MP: 4/4
  3425 | D:4      | Reached XP level 6. HP: 50/53 MP: 5/5
  3631 | D:4      | Reached skill level 5 in Fighting
  3640 | D:4      | Noticed Ijyb
  3661 | D:4      | Killed Ijyb
  3810 | D:4      | Found an iron altar of Okawaru.
  3822 | D:4      | Became a worshipper of Warmaster Okawaru
  4370 | D:5      | Reached XP level 7. HP: 61/61 MP: 6/6
  4491 | D:5      | Reached skill level 5 in Dodging
  4525 | D:5      | Reached skill level 5 in Armour
  4525 | D:5      | Reached skill level 1 in Invocations
  5049 | D:6      | Reached * piety under Okawaru
  5152 | D:6      | Reached XP level 8. HP: 62/71 MP: 8/8
  5233 | D:6      | Found a transporter.
  5234 | D:6      | Noticed mmigdal's ghost (novice DsBe)
  5324 | D:6      | Noticed a hippogriff
  5325 | D:6      | Noticed a troll
  5345 | D:6      | Killed a hippogriff
  5345 | D:6      | Reached skill level 1 in Stealth
  5360 | D:6      | HP: 3/71 [centaur/arrow (6)]
  5373 | D:6      | HP: 2/71 [sky beast (6)]
  5375 | D:6      | Shot with an arrow by a centaur

Illustrated notes

Levels and vault maps discovered:
D:1:      dpeg_arrival_prison, layout_rooms
D:2:      layout_loops_corners, grunt_temple_overflow_magic_moments,
          lemuel_coloured_pillars_altar, lemuel_doored_altar, corexii_shack
D:3:      layout_loops_corners, nemelex_xobeh_ov_fountains_minmay,
          eat_drink_and_be_merry_uskayaw, first_ration, uniq_sigmund
D:4:      layout_loops_ring, okawaru_altar_gauntlet_db, uniq_ijyb
D:5:      layout_loops_ring, minmay_circle_x
D:6:      layout_layer_cave, kennysheep_little_box,
          minmay_temple_entry_large_hall, gammafunk_ghost_arena,
          minmay_manual_maat

Skill      XL: |  1  2  3  4  5  6  7  8 |
---------------+-------------------------+-----
Crossbows      | 5 |  5.6
Armour         | 1 2 3 4 5 |  5.0
Fighting       | 3 4 5 6 |  6.7
Dodging        | 3 4 5 6 |  6.1
Invocations    | 2 3 |  3.3
Stealth        | 1 |  1.3

Action                   |  1- 3 |  4- 6 |  7- 9 || total
-------------------------+-------+-------+-------++-------
Melee: Short sword       |    93 |   220 |    64 ||   377
       Headbutt          |    13 |    43 |    15 ||    71
 Fire: Hand crossbow     |     7 |    22 |    51 ||    80
  Use: Scroll            |       |    13 |     5 ||    18
       Potion            |       |       |     1 ||     1
  Eat: Chunk             |     2 |     8 |     1 ||    11
       Ration            |       |     1 |       ||     1
Armor: Leather armour    |    29 |       |       ||    29
       Chain mail        |       |    97 |    35 ||   132
Dodge: Dodged            |    57 |    69 |    15 ||   141
       Repelled          |       |     6 |     2 ||     8
Block: Kite shield       |     5 |    65 |    44 ||   114
